 Dungeon Crawl Stone Soup version 0.30-a0-422-g946f4849ff (webtiles) character file.

Game seed: 11024809117290983136

57 Inus the Sneak (level 3, -12/14 HPs)
             Began as a Felid Venom Mage on Dec 9, 2022.
             Killed by divine providence
             ... invoked by an orc priest
              (15 damage)
             ... on level 3 of the Dungeon.
             The game lasted 00:06:42 (1995 turns).

Inus the Sneak (Felid Venom Mage)                   Turns: 1995, Time: 00:06:43

Health: -12/14     AC:  1    Str: 12    XL:     3   Next: 73%
Magic:  4/7        EV: 18    Int: 16    God:
Gold:   133        SH:  0    Dex: 16    Spells: 0/6 levels left
                                        Lives:  0   Deaths: 0

rFire   . . .      SeeInvis +    (weapon unavailable)
rCold   . . .      Faith    .    (shield unavailable)
rNeg    . . .      Spirit   .    (body armour unavailable)
rPois   .          Reflect  .    (helmet unavailable)
rElec   .          Harm     .    (cloak unavailable)
rCorr   .          Rampage  .    (gloves unavailable)
Will    .....                    (boots unavailable)
Stlth   ++........               (no amulet)
HPRegen 0.22/turn                c - +6 ring of strength
MPRegen 0.10/turn                (no ring)

@: quick
A: very small, claws 1, fangs 3, see invisible, speed 1, shaggy fur 1, stealthy
paws, no weapons or thrown items, no armour, multi-lived
a: no special abilities


You were on level 3 of the Dungeon.
You visited 1 branch of the dungeon, and saw 3 of its levels.

You collected 133 gold pieces.

Inventory:

Jewellery
 c - a +6 ring of strength (left paw)
Wands
 f - a wand of digging (7)
Scrolls
 d - a scroll of noise
 h - a scroll of identify
Potions
 a - a potion of magic
 b - a potion of curing
 e - 2 potions of brilliance
 g - a potion of attraction {unknown}


   Skills:
 - Level 3.4 Dodging
 - Level 3.4 Stealth
 - Level 2.4 Spellcasting
 + Level 0.1 Conjurations
 - Level 2.0 Transmutations
 + Level 0.1 Air Magic
 - Level 3.0 Poison Magic


You couldn't memorise any spells.
You knew the following spells:

 Your Spells              Type           Power      Damage    Failure   Level
a - Sting                 Tmut/Pois      40%        1d5       7%          1
b - Poisonous Vapours     Pois/Air       14%        N/A       16%         2
c - Mephitic Cloud        Conj/Pois/Air  5%         N/A       36%         3

Your spell library contained the following spells:

 Spells                   Type           Power      Damage    Failure   Level
 Dazzling Flash           Conj/Hex       4%         N/A       50%         3
 Olgreb's Toxic Radiance  Pois           11%        N/A       50%         4
 Iskenderun's Mystic Bla  Conj/Tloc      2%         2d3       88%         4
 Starburst                Conj/Fire      1%         6d3       100%        6


Dungeon Overview and Level Annotations

Branches:
Dungeon (3/15)

Altars:

Shops:
D:1 (


Innate Abilities, Weirdness & Mutations

You have sharp claws.
You have razor-sharp teeth.
You have supernaturally acute eyesight. (SInv)
You cover ground quickly. (Speed+)
You are covered in fur. (AC +1)
Your paws help you pounce on unaware monsters.
You are incapable of wielding weapons or throwing items.
You cannot wear armour.
You gain extra lives every three experience levels.


Message History

Aiming: Sting (safe; 7% risk of failure)
Press: ? - help, Shift-Dir - straight line, f - orc priest
Aim: an orc priest, wielding a +0 hand axe and wearing a +0 leather armour (71% to hit)
The sting hits the orc priest.
The orc priest is poisoned.
The orc priest is lightly wounded.
Casting: Sting (safe; 7% risk of failure)
Confirm with . or Enter, or press ? or * to list all spells.
Aiming: Sting (safe; 7% risk of failure)
Press: ? - help, Shift-Dir - straight line, f/p - orc priest
Aim: an orc priest, wielding a +0 hand axe and wearing a +0 leather armour (lightly wounded, poisoned, 71% to hit)
The sting hits the orc priest.
The orc priest looks even sicker.
The orc priest is lightly wounded.
The orc closely misses you.
The orc priest invokes the aid of Beogh against you.
Beogh smites you!
Ouch! That really hurt!
Casting: Sting (safe; 7% risk of failure)
Confirm with . or Enter, or press ? or * to list all spells.
Aiming: Sting (safe; 7% risk of failure)
Press: ? - help, Shift-Dir - straight line, f/p - orc priest
Aim: an orc priest, wielding a +0 hand axe and wearing a +0 leather armour (moderately wounded, very poisoned, 71% to hit)
The sting hits the orc priest.
The orc priest looks even sicker.
The orc priest is heavily wounded.
The orc barely misses you. The orc priest completely misses you.
You closely miss the orc priest.
The orc priest is severely wounded.
The orc misses you.
The orc priest looks satisfied for a moment.
You closely miss the orc priest.
The orc priest is severely wounded.
The orc priest misses you.
You scratch the orc priest but do no damage.
You bite the orc priest, but do no damage.
The orc priest is almost dead.
The orc hits you with a +0 whip.
* * * LOW HITPOINT WARNING * * *
The orc priest calls down the wrath of Beogh upon you.
Beogh smites you!
Ouch! That really hurt!
You die...

.$o. .. ....o ..# ..... ..
.....## .. ...?... #. .......
#. ###.......####
###o###!.............
+..o@o...........o.>.
###...#.#........#..# ###.#
.......#<.. #.# #........##.#
.. #.# #....###.##.# ...###
#.# #....+....... ......###
#.#.##...###..... ........#
#.#.##...#####.##
........#####.#.##.........##


You could see an orc priest (very poisoned) and 2 orcs.

Vanquished Creatures
  An adder (D:2)
  A worm (D:3)
  An orc (D:2)
  7 ball pythons
  3 bats (D:1)
  4 endoplasms (D:1)
  7 goblins
  4 hobgoblins
  3 quokkas (D:1)
  3 frilled lizards
  4 kobolds
  3 rats
41 creatures vanquished.

Notes
Turn   | Place    | Note
-------+----------+-------------------------------------------
     0 | D:1      | Inus the Felid Venom Mage began the quest for the Orb.
     0 | D:1      | Reached XP level 1. HP: 7/7 MP: 4/4
   246 | D:1      | Reached XP level 2. HP: 11/11 MP: 6/6
   453 | D:1      | Found Duqoism's Weapon Boutique.
   750 | D:1      | Reached XP level 3. HP: 14/14 MP: 5/7
  1349 | D:2      | Found a faded altar of an unknown god.
  1888 | D:2      | Learned a level 2 spell: Poisonous Vapours
  1892 | D:2      | Learned a level 3 spell: Mephitic Cloud
  1995 | D:3      | Killed from afar by an orc priest

Illustrated notes

Levels and vault maps discovered:
D:1:      dpeg_arrival_pond, layout_basic, serial_shops,
          nicolae_shop_bloodbath_and_beyond, minmay_octomino_j4
D:2:      layout_basic, ebering_ecumenical_altar_ruins
D:3:      layout_basic

Skill      XL: |  1  2  3 |
---------------+----------+-----
Stealth        | 3 |  3.4
Dodging        | 3 |  3.4
Poison Magic   | 3 |  3.0
Transmutations | 2 |  2.0
Spellcasting   | |  2.4
Conjurations   | |  0.1
Air Magic      | |  0.1

Action                   || total
-------------------------++-------
Melee: Unarmed           ||    79
       Bite              ||     3
 Cast: Sting             ||    43
  Use: Scroll            ||     7
       Potion            ||     2
 Stab: Sleeping          ||    10
Armor: Skin              ||     9
Dodge: Dodged            ||    61

Table legend: (Time is in decaauts)
 A = Elapsed time spent in this place.
 B = Non-inter-level travel time spent in this place.
 C = Inter-level travel time spent in this place.
 D = Time resting spent in this place.
 E = Time spent auto-exploring this place.
 F = Levels seen in this place.
 G = Mean time per level.
                   A        B        C        D        E       F      G
               +--------+--------+--------+--------+--------+-----+--------+
         Total |   1721 |   1624 |     97 |     91 |   1175 |   3 |  573.7 |
       Dungeon |   1721 |   1624 |     97 |     91 |   1175 |   3 |  573.7 |
               +--------+--------+--------+--------+--------+-----+--------+

Top non-repeatable levels by time:
     D:1: 916 daAuts
     D:2: 627 daAuts
     D:3: 178 daAuts
